 Dungeon Crawl Stone Soup version 0.24-a0-271-ga0fc33f724 (webtiles) character file.

Game seed: 4668277936891969655

12992 Redear the Fighter (level 11, -7/87 HPs)
             Began as a Mummy Gladiator on Apr 23, 2019.
             Was a High Priest of Okawaru.
             Killed by divine providence
             ... invoked by an orc priest
              (15 damage)
             ... on level 11 of the Dungeon on Apr 24, 2019.
             The game lasted 00:38:56 (14208 turns).

Redear the Fighter (Mummy Gladiator)               Turns: 14208, Time: 00:38:56

Health: -7/87      AC: 14    Str: 29    XL:     11   Next: 69%
Magic:  15/15      EV: 14    Int:  7    God:    Okawaru [*****.]
Gold:   175        SH: 14    Dex: 16    Spells: 10/10 levels left

rFire    . . .     SeeInvis .   q - +5 flail
rCold    . . .     Gourm    .   c - +0 shield
rNeg     + + +     Faith    .   l - +0 ring mail
rPois    ∞         Spirit   .   r - +1 helmet
rElec    .         Reflect  +   n - scarf {cloud immunity}
rCorr    .         Harm     .   z - +0 pair of gloves
MR       +....                  j - +0 pair of boots
Stlth    +.........             E - +3 amulet of reflection
HPRegen  0.24/turn              w - ring "Xenug" {+Fly rF+ rC- Str+8 Dex+2}
MPRegen  0.14/turn              f - +3 ring of protection

@: very slightly contaminated
A: no food or potions, fire vulnerability, cold resistance 1, negative energy
resistance 3, torment resistance, unbreathing
a: Heroism, Finesse, Renounce Religion, Evoke Flight


You were on level 11 of the Dungeon.
You worshipped Okawaru.
Okawaru was extremely pleased with you.
You were not hungry.

You visited 2 branches of the dungeon, and saw 12 of its levels.

You collected 569 gold pieces.
You spent 394 gold pieces at shops.

Inventory:

Hand Weapons
 a - a +0 flail
 q - a +5 flail (weapon)
 u - a +5 dire flail
Missiles
 Z - 2 throwing nets (quivered) {+f}
Armour
 b - a +0 leather armour
 c - a +0 shield (worn)
 j - a +0 pair of boots (worn)
 k - a +0 chain mail
 l - a +0 ring mail (worn)
 n - a scarf of cloud immunity (worn)
 r - a +1 helmet (worn)
 s - a +0 buckler
 v - a +1 robe of the Archmagi
 z - a +0 pair of gloves (worn)
Jewellery
 e - an uncursed amulet of the acrobat
 f - a +3 ring of protection (right hand)
 i - a cursed ring of teleportation {unknown}
 w - the ring "Xenug" (left hand) {+Fly rF+ rC- Str+8 Dex+2}
   (You bought it in a shop on level 8 of the Dungeon)

   [ring of protection from fire]

   It affects your strength (+8).
   It affects your dexterity (+2).
   It protects you from fire.
   It makes you vulnerable to cold.
   It lets you fly.
 C - an uncursed ring of magical power {unknown}
 E - a +3 amulet of reflection (around neck)
 F - a +2 ring of strength
Wands
 h - a wand of polymorph (10)
 A - a wand of acid (9)
 D - a wand of digging (6)
 V - a wand of flame (26)
Scrolls
 d - 2 scrolls of immolation
 g - 5 scrolls of fog
 m - 3 scrolls of enchant armour
 o - 3 scrolls of random uselessness
 p - 3 scrolls of enchant weapon
 t - 4 scrolls of fear
 x - a scroll of noise {unknown}
 y - 3 scrolls of amnesia {unknown}
 B - 5 scrolls of blinking
 M - 3 scrolls of magic mapping
 N - 5 scrolls of remove curse
 R - 3 scrolls of identify {@r1}
 T - a scroll of teleportation {@r3}


   Skills:
 + Level 8.6 Fighting
 - Level 7.1 Maces & Flails
 - Level 1.5 Throwing
 + Level 6.7 Armour
 + Level 7.4 Dodging
 + Level 5.8 Shields
 - Level 6.0 Invocations


You had 10 spell levels left.
You didn't know any spells.
Your spell library contained the following spells:

 Spells                   Type           Power        Failure   Level  Hunger
 Animate Skeleton         Necr           N/A          91%         1    N/A
 Apportation              Tloc           #.....       91%         1    N/A
 Confusing Touch          Hex            #.....       91%         1    N/A
 Summon Small Mammal      Summ           #...         91%         1    N/A
 Ensorcelled Hibernation  Hex/Ice        #.....       97%         2    N/A
 Cause Fear               Hex            #.........   100%        4    N/A
 Borgnjor's Vile Clutch   Necr/Erth      #.........   100%        5    N/A
 Silence                  Hex/Air        #.........   100%        5    N/A
 Yara's Violent Unravell  Hex/Tmut       #.........   100%        5    N/A
 Darkness                 Hex            #.........   100%        6    N/A
 Deflect Missiles         Chrm/Air       #.........   100%        6    N/A
 Shadow Creatures         Summ           N/A          100%        6    N/A
 Discord                  Hex            #.........   100%        8    N/A

Dungeon Overview and Level Annotations

Branches:
Dungeon (11/15)            Temple (1/1) D:5            Lair (0/6) D:11
    Orc (0/2) D:10

Altars:
Ashenzari
Cheibriados
Dithmenos
Elyvilon
Fedhas
Gozag
Hepliaklqana
Kikubaaqudgha
Makhleb
Nemelex Xobeh
Okawaru
Qazlal
Ru
Sif Muna
Trog
Uskayaw
Vehumet
Wu Jian
Xom
Yredelemnul
Zin
The Shining One
Beogh

Shops:
D:8 **   D:10 =

Annotations:
D:3 3 runed translucent doors, yrara's ghost, amateur DsFi


Innate Abilities, Weirdness & Mutations

You do not eat or drink.
Your flesh is vulnerable to fire.
You are immune to poison.
Your flesh is cold resistant. (rC+)
You are immune to negative energy. (rN+++)
You are immune to unholy pain and torment.
You can survive without breathing.


Message History

Here: a wyvern The floor.
As you read the scroll of teleportation {@r3}, it crumbles to dust.
You feel strangely unstable.
Unknown command.
Found a murky orange potion.
Your surroundings suddenly seem different.
Unknown command.
That item cannot be evoked!
Unknown command.
You start resting.
The orc priest is too close now for your liking.
You regained 4 hp, and now have 8/87 hp.
You can't drink.
Unknown command.
Okay, then.
The orc priest shouts!
The orc priest mumbles some strange prayers to Beogh against you.
Beogh smites you!
You die...

########### .
#........@# .#
#.........# ..
#.........# #(
#.........# #.
#.........# #.
#.........#
#.#####.........#
#.......o.......#
##....#.........#


You could see an orc priest.

Vanquished Creatures
  2 two-headed ogres (D:10)
  Sonja (D:10)
  Pikel (D:7)
  2 ugly things
  Joseph (D:10)
  Psyche (D:9)
  A gargoyle (D:10)
  A troll (D:10)
  2 polar bears (D:7)
  Prince Ribbit (D:7)
  A hippogriff (D:10)
  2 vampires
  A wyvern (D:7)
  Eustachio (D:5)
  2 yaks
  3 wargs (D:11)
  4 sky beasts
  A water moccasin (D:10)
  3 orc warriors
  A black bear (D:10)
  3 phantoms
  A hornet zombie (D:8)
  A necrophage (D:10)
  6 ice beasts
  5 ogres
  7 centaurs
  3 wolves (D:8)
  A big kobold (D:9)
  11 bullfrogs
  3 gnoll sergeants
  4 scorpions
  A water moccasin skeleton (D:5)
  4 killer bees (D:8)
  12 wights
  An electric eel (D:8)
  A howler monkey (D:6)
  A crimson imp (D:9)
  2 centaur zombies
  3 bullfrog skeletons
  7 hounds
  2 quasits
  Crazy Yiuf (D:7)
  7 orc priests
  2 centaur skeletons
  4 jellies
  7 iguanas
  5 orc wizards
  10 worker ants
  2 hound zombies
  A hound skeleton (D:7)
  A worker ant zombie (D:6)
  13 adders
  2 shadow imps (D:5)
  A worker ant simulacrum (D:8)
  An ufetubus (D:8)
  2 oozes
  An adder skeleton (D:6)
  2 worms (D:3)
  2 dart slugs
  3 leopard geckos
  22 orcs
  11 bats
  8 giant cockroaches
  11 goblins
  5 hobgoblins
  21 jackals
  9 kobolds
  8 quokkas
  2 ball pythons
  10 frilled lizards
  A jackal skeleton (D:6)
  A leopard gecko skeleton (D:6)
  A leopard gecko zombie (D:5)
  A quokka skeleton (D:4)
  A quokka zombie (D:9)
  4 rats
294 creatures vanquished.

Vanquished Creatures (others)
  A bullfrog (D:6)
  An iguana (D:6)
  An adder (D:6)
  A leopard gecko (D:6)
  An orc (D:6)
5 creatures vanquished.

Grand Total: 299 creatures vanquished

Notes
Turn   | Place    | Note
-------+----------+-------------------------------------------
     0 | D:1      | Redear the Mummy Gladiator began the quest for the Orb.
     0 | D:1      | Reached XP level 1. HP: 16/16 MP: 1/1
   156 | D:1      | Reached XP level 2. HP: 22/22 MP: 2/2
   715 | D:2      | Reached skill level 1 in Armour
   715 | D:2      | Reached XP level 3. HP: 23/28 MP: 3/3
  1385 | D:3      | Reached XP level 4. HP: 34/34 MP: 4/4
  1594 | D:3      | Reached skill level 3 in Maces & Flails
  1594 | D:3      | Reached skill level 3 in Dodging
  1963 | D:3      | Found a shattered altar of Ashenzari.
  1995 | D:3      | Found a runed translucent gate.
  1995 | D:3      | Found a runed translucent gate.
  1995 | D:3      | Found a runed translucent gate.
  2131 | D:3      | Noticed yrara's ghost (amateur DsFi)
  2438 | D:3      | Reached skill level 3 in Fighting
  2599 | D:4      | Noticed an ogre
  3226 | D:4      | Reached XP level 5. HP: 28/41 MP: 5/5
  3455 | D:4      | Reached skill level 2 in Armour
  3455 | D:4      | HP: 3/41 [orc priest/divine providence (12)]
  3976 | D:4      | Noticed a phantom
  4006 | D:4      | Reached XP level 6. HP: 12/47 MP: 6/6
  4947 | D:4      | Reached skill level 4 in Fighting
  4971 | D:4      | Reached XP level 7. HP: 37/54 MP: 7/7
  4976 | D:4      | Reached skill level 4 in Maces & Flails
  4996 | D:4      | HP: 4/54 [centaur (5)]
  4998 | D:4      | Reached skill level 3 in Armour
  4998 | D:4      | Reached skill level 4 in Dodging
  5557 | D:5      | Entered Level 5 of the Dungeon
  5996 | D:5      | Found a staircase to the Ecumenical Temple.
  6018 | D:5      | Reached skill level 1 in Shields
  6026 | Temple   | Entered the Ecumenical Temple
  6135 | Temple   | Became a worshipper of Warmaster Okawaru
  6393 | D:5      | Reached XP level 8. HP: 38/61 MP: 8/8
  6797 | D:5      | Found a deep blue altar of Sif Muna.
  6908 | D:5      | Reached skill level 5 in Fighting
  6993 | D:6      | Reached * piety under Okawaru
  7008 | D:6      | Reached skill level 1 in Invocations
  7030 | D:5      | HP: 1/62 [something (6)]
  7336 | D:6      | Found a shimmering altar of Xom.
  7336 | D:6      | Noticed Eustachio
  7422 | D:5      | Reached skill level 2 in Shields
  7906 | D:6      | Reached skill level 4 in Armour
  8735 | D:5      | Reached skill level 2 in Invocations
  8748 | D:5      | Killed Eustachio
  8748 | D:5      | Reached skill level 5 in Maces & Flails
  8748 | D:5      | Reached skill level 5 in Dodging
  8929 | D:5      | Reached XP level 9. HP: 58/69 MP: 10/10
  9138 | D:6      | Reached ** piety under Okawaru
  9353 | D:6      | Reached skill level 6 in Fighting
  9353 | D:6      | Reached skill level 3 in Shields
  9646 | D:7      | Noticed Prince Ribbit
  9654 | D:7      | Killed Prince Ribbit
  9654 | D:7      | Reached skill level 3 in Invocations
  9756 | D:7      | Noticed Pikel
  9776 | D:7      | Killed Pikel
  9834 | D:7      | Reached skill level 5 in Armour
  9926 | D:7      | Reached *** piety under Okawaru
 10236 | D:7      | Received a gift from Okawaru
 10629 | D:7      | Found a runed translucent door.
 10630 | D:7      | Noticed Crazy Yiuf
 10635 | D:7      | Killed Crazy Yiuf
 10659 | D:8      | Noticed a polar bear
 10672 | D:7      | Killed a polar bear
 10672 | D:7      | Reached XP level 10. HP: 26/77 MP: 9/12
 10906 | D:8      | Reached skill level 4 in Shields
 10989 | D:7      | Reached skill level 6 in Dodging
 10989 | D:7      | Reached skill level 4 in Invocations
 11024 | D:8      | Found Ruenlu Mite's Assorted Antiques.
 11055 | D:8      | Reached skill level 7 in Fighting
 11062 | D:8      | Reached skill level 6 in Maces & Flails
 11280 | D:8      | Found Puoc's Assorted Antiques.
 11302 | D:8      | Bought a translucent pewter ring for 175 gold pieces
 11302 | D:8      | Identified the ring "Xenug" {+Fly rF+ rC- Str+8 Dex+2} (You
                  | bought it in a shop on level 8 of the Dungeon)
 12156 | D:9      | Noticed Psyche
 12302 | D:9      | Noticed a purple ugly thing
 12326 | D:9      | Killed a purple ugly thing
 12381 | D:9      | Reached **** piety under Okawaru
 12464 | D:9      | Reached skill level 5 in Invocations
 12765 | D:9      | Killed Psyche
 12765 | D:9      | Reached skill level 6 in Armour
 13174 | D:10     | Entered Level 10 of the Dungeon
 13179 | D:10     | Reached skill level 5 in Shields
 13179 | D:10     | Reached XP level 11. HP: 85/85 MP: 11/14
 13211 | D:10     | Noticed a two-headed ogre
 13319 | D:10     | Noticed Sonja
 13336 | D:10     | Killed Sonja
 13337 | D:10     | Noticed a two-headed ogre
 13347 | D:10     | Killed a two-headed ogre
 13347 | D:10     | Reached skill level 8 in Fighting
 13560 | D:10     | Found Feogohim's Jewellery Shop.
 13565 | D:10     | Bought a +3 amulet of reflection for 219 gold pieces
 13596 | D:10     | Reached skill level 7 in Dodging
 13740 | D:10     | Killed a two-headed ogre
 13740 | D:10     | Reached ***** piety under Okawaru
 13740 | D:10     | Reached skill level 7 in Maces & Flails
 13795 | D:10     | Noticed Joseph
 13818 | D:10     | Killed Joseph
 13843 | D:10     | Found a staircase to the Orcish Mines.
 13853 | D:10     | Found a roughly hewn altar of Beogh.
 14033 | D:11     | Noticed a green ugly thing
 14047 | D:11     | Killed a green ugly thing
 14047 | D:11     | Reached skill level 6 in Invocations
 14137 | D:11     | Found a staircase to the Lair.
 14164 | D:11     | Received a gift from Okawaru
 14177 | D:11     | HP: 1/87 [orc priest/divine providence (13)]
 14208 | D:11     | Killed from afar by an orc priest

Levels and vault maps discovered:
D:1:      ebering_trefoil_twist, layout_basic
D:2:      layout_rooms, minmay_misc_feat_secret_circle, minmay_tetromino_s4
D:3:      layout_basic, ebering_ghost_rock_garden, ashenzari_altar_1
D:4:      layout_rooms, minmay_joined_circles
D:5:      layout_loops_ring, minmay_temple_entry_statues_fountains,
          first_ration, serial_bayou_pond_b, led_sif_pool
D:6:      layout_basic, xom_confusion_cloud, sword_in_stone
D:7:      layout_loops_corners, uniq_pikel, uniq_crazy_yiuf_cottage,
          uniq_prince_ribbit1
D:8:      layout_cave_pods, serial_ice, serial_ice_j, serial_ice_b,
          serial_ice_f, serial_ice_h, serial_shops, shop,
          nicolae_shop_window_shopping
D:9:      layout_loops_cross, uniq_psyche
D:10:     layout_rooms, minmay_orc_entry_temple_small, serial_shops, shop,
          uniq_joseph, uniq_sonja
D:11:     layout_rooms, erik_lair_orcish_takeover
Temple:   kilobyte_greek_temple

Skill      XL: |  1  2  3  4  5  6  7  8  9 10 11 |
---------------+----------------------------------+-----
Armour         | 1 2 3 4 5 6 |  6.7
Maces & Flails | 3 4 5 6 7 |  7.1
Dodging        | 3 4 5 6 7 |  7.4
Fighting       | 3 4 5 6 7 8 |  8.6
Shields        | 1 2 3 5 |  5.8
Invocations    | 2 3 5 6 |  6.0
Throwing       | |  1.5

Action                   |  1- 3 |  4- 6 |  7- 9 | 10-12 || total
-------------------------+-------+-------+-------+-------++-------
Melee: Flail             |   131 |   238 |   463 |   482 ||  1314
       Punch             |       |       |     1 |       ||     1
Throw: Throwing net      |       |       |       |     3 ||     3
Invok: Heroism           |       |       |    11 |    18 ||    29
  Use: Scroll            |       |       |    10 |     5 ||    15
 Stab: Sleeping          |       |     1 |       |       ||     1
Armor: Leather armour    |    63 |    75 |    38 |       ||   176
       Ring mail         |       |       |   102 |   135 ||   237
Dodge: Dodged            |   119 |   177 |   395 |   316 ||  1007
Block: Buckler           |       |       |    20 |   110 ||   130
       Shield            |       |       |       |   114 ||   114
       Reflection        |       |       |       |     4 ||     4

Table legend:
 A = Non-vault XP
 B = Vault XP
 C = Vault XP percentage of total XP
 D = Non-vault monster count
 E = Vault monster count
 F = Vault count percentage of total count
                 A         B        C        D         E       F
            +---------+---------+-------+---------+---------+-------
      Total |   12135 |    6426 |  34.6 |     241 |      53 |  18.0
            +---------+---------+-------+---------+---------+-------
        D:1 |      32 |       0 |   0.0 |      20 |       0 |   0.0
        D:2 |      62 |       3 |   4.6 |      22 |       2 |   8.3
        D:3 |     215 |       0 |   0.0 |      37 |       0 |   0.0
        D:4 |     400 |     276 |  40.8 |      12 |       9 |  42.9
        D:5 |     852 |     730 |  46.1 |      19 |      10 |  34.5
        D:6 |     816 |     237 |  22.5 |      18 |       4 |  18.2
        D:7 |    1010 |    1548 |  60.5 |      25 |       5 |  16.7
        D:8 |    1610 |     962 |  37.4 |      37 |       9 |  19.6
        D:9 |    1838 |     454 |  19.8 |      21 |       1 |   4.5
       D:10 |    4209 |    1632 |  27.9 |      24 |       8 |  25.0
       D:11 |    1091 |     584 |  34.9 |       6 |       5 |  45.5
            +---------+---------+-------+---------+---------+-------
